 Dungeon Crawl Stone Soup version 0.21-a0-538-gd16b88a (webtiles) character file.

299 tidbits the Digger (level 6, -4/44 HPs)
             Began as a Gnoll Earth Elementalist on Dec 16, 2017.
             Slain by Grinder (5 damage)
             ... on level 5 of the Dungeon.
             The game lasted 00:09:27 (1252 turns).

tidbits the Digger (Gnoll Earth Elementalist)       Turns: 1252, Time: 00:09:28

Health: -4/44      AC:  6    Str: 13    XL:     6   Next: 36%
Magic:  8/14       EV: 14    Int: 20    God:
Gold:   235        SH:  0    Dex: 15    Spells: 12/15 levels left

rFire    + + .     SeeInvis .   a - +3 falchion
rCold    . . .     Gourm    .   (no shield)
rNeg     . . .     Faith    .   B - +3 leather armour of Anelu {rF++ Str+3}
rPois    .         Spirit   .   (no helmet)
rElec    .         Reflect  .   (no cloak)
rCorr    +         Harm     .   (no gloves)
MR       .....                  (no boots)
Stlth    +++.......             (no amulet)
HPRegen  0.14/turn              K - ring of resist corrosion
MPRegen  0.14/turn              (no ring)

@: no status effects
A: distributed training, fangs 1, strong nose
a: no special abilities


You were on level 5 of the Dungeon.
You were hungry.

You visited 1 branch of the dungeon, and saw 5 of its levels.
You also visited: Sewer.

You collected 235 gold pieces.

Inventory:

Hand Weapons
 a - a +3 falchion (weapon)
 b - a +0 dagger of freezing
   (You took it off a kobold on level 3 of the Dungeon)
 j - a +0 short sword
 o - a +0 shortbow
Missiles
 n - 32 arrows
 p - 21 sling bullets
 w - 46 stones (quivered)
Armour
 c - a +0 robe
 B - the +3 leather armour of Anelu (worn) {rF++ Str+3}
   (You found it on level 4 of the Dungeon)

   It affects your strength (+3).
   It greatly protects you from fire.
Jewellery
 K - a ring of resist corrosion (left hand)
   (You found it on level 3 of the Dungeon)
Scrolls
 h - a scroll of noise
 i - a scroll of amnesia {unknown}
 k - a scroll of enchant armour {unknown}
 r - a scroll of remove curse
 t - a scroll of blinking {unknown}
 v - a scroll of identify {unknown}
Potions
 f - 2 potions of haste {unknown}
 g - 3 potions of curing
 l - a potion of cancellation {unknown}
 q - a potion of flight {unknown}
 s - a potion of mutation {unknown}
 u - a potion of degeneration {unknown}
 z - a potion of heal wounds {unknown}
Books
 e - a book of Geomancy

   Spells                             Type                      Level
   a - Sandblast                      Earth                        1
   b - Passwall                       Transmutation/Earth          2
   c - Stone Arrow                    Conjuration/Earth            3
   d - Petrify                        Transmutation/Earth          4
   e - Lee's Rapid Deconstruction     Earth                        5
Comestibles
 d - 2 bread rations
 m - a royal jelly
 x - 2 meat rations


   Skills:
 + Level 1.9 Fighting
 + Level 1.9 Short Blades
 + Level 1.9 Long Blades
 + Level 1.9 Axes
 + Level 1.9 Maces & Flails
 + Level 1.9 Polearms
 + Level 1.9 Staves
 + Level 1.9 Slings
 + Level 1.9 Bows
 + Level 1.9 Crossbows
 + Level 1.9 Throwing
 + Level 1.9 Armour
 + Level 4.9 Dodging
 + Level 4.5 Stealth
 + Level 1.9 Shields
 + Level 1.9 Unarmed Combat
 + Level 5.3 Spellcasting
 + Level 1.5 Conjurations
 + Level 1.5 Hexes
 + Level 1.5 Charms
 + Level 1.5 Summonings
 + Level 1.5 Necromancy
 + Level 1.5 Translocations
 + Level 2.6 Transmutations
 + Level 1.5 Fire Magic
 + Level 1.5 Ice Magic
 + Level 1.5 Air Magic
 + Level 5.6 Earth Magic
 + Level 1.5 Poison Magic
 + Level 2.1 Invocations
 + Level 1.9 Evocations


You had 12 spell levels left.
You knew the following spells:

 Your Spells              Type           Power        Failure   Level  Hunger
a - Sandblast             Erth           ####..       1%          1    None
w - Passwall              Tmut/Erth      ###.......   3%          2    None


Dungeon Overview and Level Annotations

Branches:
Dungeon (5/15)
 Temple: D:4-7

Altars:
Wu Jian
Xom

Annotations:
D:5 Grinder


Innate Abilities, Weirdness & Mutations

Your experience applies equally to all skills.
You have very sharp teeth.
Your uncanny sense of smell can sniff out nearby items.


Message History

Press: ? - help, Shift-Dir - straight line, f/p - iguana
Aim: an iguana (almost dead)
The blast of sand hits the iguana.
You kill the iguana!
b - 52 stones Wield which item (- for none, * to show all)? (? for menu, Esc to quit)
Your +0 dagger of freezing glows with a cold blue light!
w - a +0 dagger of freezing (weapon)
The helpless quokka fails to defend itself.
You impale the quokka!! You freeze the quokka.
You kill the quokka!
Adjust (i)tems, (s)pells, or (a)bilities?
Adjust which item? (? for menu, Esc to quit)
w - a +0 dagger of freezing (weapon)
Adjust to which letter? (? for menu, Esc to quit)
b - a +0 dagger of freezing (weapon);
w - 52 stones (quivered)
You see here a quokka corpse.
Found 6 gold pieces.
Your magical contamination has completely faded away.
Found a meat ration.
Found a stone staircase leading down.
Found a stone staircase leading down.
x - 2 meat rations (gained 1)
There is a stone staircase leading down here.
You climb downwards.
Grinder comes into view.
Found a shimmering altar of Xom.
Found a stone staircase leading down.
There is a stone staircase leading up here.
You aren't carrying any items that you can evoke.
Unknown command.
Your +0 dagger of freezing stops glowing.
a - a +3 falchion (weapon)
Grinder shouts!
A centaur skeleton comes into view.
Casting: Sandblast
Confirm with . or Enter, or press ? or * to list all spells.
Aiming: Sandblast
Press: ? - help, Shift-Dir - straight line, f - Grinder
Aim: Grinder The blast of sand misses Grinder.
w - 51 stones Grinder misses you.
Casting: Sandblast
Confirm with . or Enter, or press ? or * to list all spells.
Aiming: Sandblast
Press: ? - help, Shift-Dir - straight line, f/p - Grinder
Aim: Grinder The blast of sand hits Grinder.
Grinder is lightly wounded.
w - 50 stones Grinder hits you.
You writhe in agony.
Casting: Sandblast
Confirm with . or Enter, or press ? or * to list all spells.
Aiming: Sandblast
Press: ? - help, Shift-Dir - straight line, f/p - Grinder
Aim: Grinder (lightly wounded)
The blast of sand misses Grinder.
w - 49 stones You are feeling hungry.
Grinder barely misses you.
Casting: Sandblast
Confirm with . or Enter, or press ? or * to list all spells.
Aiming: Sandblast
Press: ? - help, Shift-Dir - straight line, f/p - Grinder
Aim: Grinder (lightly wounded)
The blast of sand hits Grinder.
Grinder is heavily wounded.
w - 48 stones Grinder hits you!
* * * LOW HITPOINT WARNING * * *
You writhe in agony.
* * * LOW HITPOINT WARNING * * *
Casting: Sandblast
Confirm with . or Enter, or press ? or * to list all spells.
Aiming: Sandblast
Press: ? - help, Shift-Dir - straight line, f - centaur skeleton, p - Grinder
Aim: a centaur skeleton The blast of sand hits Grinder.
Grinder is severely wounded.
w - 47 stones Grinder hits you!
* * * LOW HITPOINT WARNING * * *
Casting: Sandblast
Confirm with . or Enter, or press ? or * to list all spells.
Aiming: Sandblast
Press: ? - help, Shift-Dir - straight line, f/p - centaur skeleton
Aim: a centaur skeleton
Okay, then.
Casting: Sandblast
Confirm with . or Enter, or press ? or * to list all spells.
Aiming: Sandblast
Press: ? - help, Shift-Dir - straight line, f/p - centaur skeleton
Aim: a centaur skeleton The blast of sand hits Grinder.
Grinder is almost dead.
w - 46 stones Grinder hits you.
* * * LOW HITPOINT WARNING * * *
You writhe in agony.
You die...

...# ######..# #....#†.#
####..#..## #....<.....
####.#####.###
..>#.#.....#
..#########.#.#....####..
......Z5@.<.#...........#
...#._.####.#...........#
#..#.. .#...........# #.
#.. .#.....#####.# ...
......# # ..## .##... ...
....). .##. .##..


You could see Grinder and a centaur skeleton.

Vanquished Creatures
  A hound (D:5)
  An iguana (D:4)
  9 adders
  12 oozes
  A dart slug (D:4)
  13 leopard geckos
  4 orcs (D:3)
  15 giant cockroaches
  4 goblins (D:3)
  5 hobgoblins
  5 kobolds
  2 quokkas
  11 ball pythons
  4 bats
  10 frilled lizards (Sewer)
  2 rats
99 creatures vanquished.

Vanquished Creatures (others)
  A howler monkey (D:4)
1 creature vanquished.

Grand Total: 100 creatures vanquished

Notes
Turn   | Place    | Note
-------+----------+-------------------------------------------
     0 | D:1      | tidbits the Gnoll Earth Elementalist began the quest for the Orb.
     0 | D:1      | Reached XP level 1. HP: 13/13 MP: 6/6
   157 | D:1      | Reached skill level 2 in Transmutations
   158 | D:1      | Reached XP level 2. HP: 18/19 MP: 3/7
   222 | D:1      | Learned a level 2 spell: Passwall
   331 | D:3      | Reached skill level 5 in Spellcasting
   331 | D:3      | Reached XP level 3. HP: 18/25 MP: 1/9
   465 | D:3      | Reached skill level 1 in Invocations
   487 | D:3      | Found an ornate altar of the Wu Jian Council.
   583 | D:2      | Reached skill level 1 in Fighting
   583 | D:2      | Reached skill level 1 in Short Blades
   583 | D:2      | Reached skill level 1 in Long Blades
   583 | D:2      | Reached skill level 1 in Axes
   583 | D:2      | Reached skill level 1 in Maces & Flails
   583 | D:2      | Reached skill level 1 in Polearms
   583 | D:2      | Reached skill level 1 in Staves
   583 | D:2      | Reached skill level 1 in Slings
   583 | D:2      | Reached skill level 1 in Bows
   583 | D:2      | Reached skill level 1 in Crossbows
   583 | D:2      | Reached skill level 1 in Throwing
   583 | D:2      | Reached skill level 1 in Armour
   583 | D:2      | Reached skill level 1 in Shields
   583 | D:2      | Reached skill level 1 in Unarmed Combat
   583 | D:2      | Reached skill level 1 in Evocations
   614 | D:3      | Reached XP level 4. HP: 32/32 MP: 9/11
   668 | D:3      | Found a glowing drain.
   702 | Sewer    | Entered a sewer
   720 | Sewer    | Reached skill level 1 in Conjurations
   720 | Sewer    | Reached skill level 1 in Hexes
   720 | Sewer    | Reached skill level 1 in Charms
   720 | Sewer    | Reached skill level 1 in Summonings
   720 | Sewer    | Reached skill level 1 in Necromancy
   720 | Sewer    | Reached skill level 1 in Translocations
   720 | Sewer    | Reached skill level 1 in Fire Magic
   720 | Sewer    | Reached skill level 1 in Ice Magic
   720 | Sewer    | Reached skill level 1 in Air Magic
   720 | Sewer    | Reached skill level 1 in Poison Magic
   749 | Sewer    | Reached XP level 5. HP: 29/37 MP: 12/12
   923 | Sewer    | Reached XP level 6. HP: 26/44 MP: 11/13
  1091 | D:3      | Reached skill level 2 in Invocations
  1118 | D:4      | Got an encrusted leather armour
  1129 | D:4      | Identified the +3 leather armour of Anelu {rF++ Str+3} (You found it on level 4 of the Dungeon)
  1149 | D:5      | Entered Level 5 of the Dungeon
  1241 | D:5      | Found a shimmering altar of Xom.
  1241 | D:5      | Noticed Grinder
  1252 | D:5      | HP: 1/44 [Grinder (6)]
  1252 | D:5      | Slain by Grinder

Vault maps used:
D:1:      scummos_arrival_simple_crosswalls
D:2:      first_bread, minmay_door_square
D:3:      corexii_shack_village, lemuel_round_altar, gup_sewer_entry_glass,
          minivault_11, columned_hall_lemuel, minmay_misc_feat_plants
D:4:      gammafunk_temple_overflow_pools, lemuel_flame_loot_1, uniq_menkaure,
          uniq_duvessa, uniq_robin
D:5:      cheibrodos_worm_habitat, kennysheep_mini_moat,
          overflow_temple_1_default, minmay_temple_entry_enclosed_plants,
          serial_shops, shop, nicolae_shop_waterfront, shop, shop,
          nicolae_shop_crystal, uniq_grinder
Sewer:    sewer_frog_island_02

Skill      XL: |  1  2  3  4  5  6 |
---------------+-------------------+-----
Transmutations | 2 |  2.6
Spellcasting   | 5 |  5.3
Invocations    | 1 2 |  2.1
Fighting       | 1 |  1.9
Short Blades   | 1 |  1.9
Long Blades    | 1 |  1.9
Axes           | 1 |  1.9
Maces & Flails | 1 |  1.9
Polearms       | 1 |  1.9
Staves         | 1 |  1.9
Slings         | 1 |  1.9
Bows           | 1 |  1.9
Crossbows      | 1 |  1.9
Throwing       | 1 |  1.9
Armour         | 1 |  1.9
Shields        | 1 |  1.9
Unarmed Combat | 1 |  1.9
Evocations     | 1 |  1.9
Conjurations   | 1 |  1.5
Hexes          | 1 |  1.5
Charms         | 1 |  1.5
Summonings     | 1 |  1.5
Necromancy     | 1 |  1.5
Translocations | 1 |  1.5
Fire Magic     | 1 |  1.5
Ice Magic      | 1 |  1.5
Air Magic      | 1 |  1.5
Poison Magic   | 1 |  1.5
Dodging        | |  4.9
Stealth        | |  4.5
Earth Magic    | |  5.6

Action                   |  1- 3 |  4- 6 || total
-------------------------+-------+-------++-------
Melee: Short sword       |    11 |       ||    11
       Bite              |     1 |    11 ||    12
       Falchion          |       |    90 ||    90
       Dagger            |       |     1 ||     1
 Cast: Sandblast         |    33 |    43 ||    76
       Passwall          |     2 |       ||     2
  Use: Potion            |       |     1 ||     1
       Scroll            |       |     2 ||     2
 Stab: Sleeping          |     1 |     4 ||     5
       Distracted        |       |     1 ||     1
  Eat: Chunk             |       |     1 ||     1
Armor: Robe              |     2 |     7 ||     9
       Leather armour    |       |     1 ||     1
Dodge: Dodged            |    24 |    92 ||   116
       Rpst.: Falchion   |       |    35 ||    35

Table legend:
 A = Spawn XP
 B = Non-spawn XP
 C = Spawn XP percentage of total XP
 D = Spawn monster count
 E = Non-spawn monster count
 F = Spawn count percentage of total count
 G = Total turns spent on level
                    A         B        C        D         E        F      G
               +---------+---------+-------+---------+---------+-------+---------
         Total |       0 |     428 |   0.0 |       0 |      99 |   0.0 |  1252
               +---------+---------+-------+---------+---------+-------+---------
           D:1 |       0 |      14 |   0.0 |       0 |       8 |   0.0 |   246
           D:2 |       0 |      16 |   0.0 |       0 |       3 |   0.0 |    71
           D:3 |       0 |      80 |   0.0 |       0 |      25 |   0.0 |   509
           D:4 |       0 |      42 |   0.0 |       0 |       3 |   0.0 |   126
           D:5 |       0 |      46 |   0.0 |       0 |       2 |   0.0 |    28
         Sewer |       0 |     230 |   0.0 |       0 |      58 |   0.0 |   272
               +---------+---------+-------+---------+---------+-------+---------

Table legend:
 A = Turns spent in this place as a percentage of turns spent in the entire game.
 B = Non-inter-level travel turns spent in this place as a percentage of non-inter-level travel turns spent in the entire game.
 C = Inter-level travel turns spent in this place as a percentage of turns spent in this place.
 D = Turns resting spent in this place as a percentage of non-inter-level travel turns spent in this place.
 E = Turns spent auto-exploring this place as a percentage of non-inter-level travel turns spent in this place.
 F = Non-inter-level travel turns spent in this place divided by the number of levels of this place that you've seen.
                   A       B       C       D       E      F
               +-------+-------+-------+-------+-------+----------------------
         Total | 100.0 | 100.0 |   0.0 |   0.0 |   0.0 | 208.7
       Dungeon |  78.3 |  78.3 |   0.0 |   0.0 |   0.0 | 196.0
         Sewer |  21.7 |  21.7 |   0.0 |   0.0 |   0.0 | 272.0
               +-------+-------+-------+-------+-------+----------------------

Table legend:
 A = Kills in this place as a percentage of kills in entire the game.
 B = Kills by you in this place as a percentage of kills by you in the entire game.
 C = Kills by friends in this place as a percentage of kills by friends in the entire game.
 D = Other kills in this place as a percentage of other kills in the entire game.
 E = Experience gained in this place as a percentage of experience gained in the entire game.
 F = Experience gained in this place divided by the number of levels of this place that you have seen.
                   A       B       C       D       E      F
               +-------+-------+-------+-------+-------+----------------------
         Total | 100.0 | 100.0 |   N/A |   N/A | 100.0 |  71.3
       Dungeon |  41.4 |  41.4 |   N/A |   N/A |  46.3 |  39.6
         Sewer |  58.6 |  58.6 |   N/A |   N/A |  53.7 | 230.0
               +-------+-------+-------+-------+-------+----------------------

Vault maps used:
D:1:      scummos_arrival_simple_crosswalls
D:2:      first_bread, minmay_door_square
D:3:      corexii_shack_village, lemuel_round_altar, gup_sewer_entry_glass,
          minivault_11, columned_hall_lemuel, minmay_misc_feat_plants
D:4:      gammafunk_temple_overflow_pools, lemuel_flame_loot_1, uniq_menkaure,
          uniq_duvessa, uniq_robin
D:5:      cheibrodos_worm_habitat, kennysheep_mini_moat,
          overflow_temple_1_default, minmay_temple_entry_enclosed_plants,
          serial_shops, shop, nicolae_shop_waterfront, shop, shop,
          nicolae_shop_crystal, uniq_grinder
Sewer:    sewer_frog_island_02
